 Seeded DCSS version 0.27.1-16-g815e20cd7a (webtiles) character file.

Game seed: 8693128602577934268 (custom seed)

1 oldmanjim the Shield-Bearer (level 1, -1/14 HPs)
             Began as a Gargoyle Fighter on Nov 24, 2021.
             Slain by a kobold (5 damage)
             ... on level 1 of the Dungeon.
             The game lasted 00:00:33 (42 turns).

oldmanjim the Shield-Bearer (Gargoyle Fighter)        Turns: 42, Time: 00:00:33

Health: -1/14      AC:  9    Str: 19    XL:     1   Next: 20%
Magic:  1/1        EV:  7    Int:  8    God:
Gold:   0          SH:  9    Dex:  9    Spells: 0/0 levels left

rFire    . . .     SeeInvis .   a - +0 flail
rCold    . . .     Faith    .   c - +0 kite shield
rNeg     + . .     Spirit   .   b - +0 scale mail
rPois    ∞         Reflect  .   (no helmet)
rElec    +         Harm     .   (no cloak)
rCorr    .         Rampage  .   (no gloves)
Will     .....                  (no boots)
Stlth    ..........             (no amulet)
HPRegen  0.04/turn              (no ring)
MPRegen  0.07/turn              (no ring)

@: no status effects
A: sickness immunity, AC +2, negative energy resistance 1, electricity
resistance, torment resistance 1, petrification resistance
a: no special abilities


You were on level 1 of the Dungeon.
You visited 1 branch of the dungeon, and saw 1 of its levels.

Inventory:

Hand Weapons
 a - a +0 flail (weapon)
Armour
 b - a +0 scale mail (worn)
 c - a +0 kite shield (worn)
Scrolls
 e - 2 scrolls of noise {unknown}
Potions
 d - a potion of might


   Skills:
 + Level 3.3 Fighting
 + Level 2.0 Maces & Flails
 + Level 3.3 Armour
 + Level 3.3 Shields


You couldn't memorise any spells.
You didn't know any spells.
Your spell library was empty.

Dungeon Overview and Level Annotations

Branches:
Dungeon (1/15)

Altars:


Innate Abilities, Weirdness & Mutations

You are immune to sickness and miasma.
Your stone body is resilient. (AC +2)
You are immune to poison.
You resist negative energy. (rN+)
You are resistant to electric shocks. (rElec)
You are resistant to unholy torment.
You are immune to petrification.


Message History

The kobold hits you with a +0 short sword.
You barely miss the kobold. The bat barely misses you.
The kobold barely misses you. The bat completely misses you.
You barely miss the kobold. The bat hits you but does no damage.
The bat closely misses you. The kobold barely misses you.
You block the kobold's attack. You block the bat's attack.
The hobgoblin closely misses you.
You closely miss the kobold. The bat hits you but does no damage.
The kobold hits you but does no damage.
The hobgoblin hits you but does no damage.
You hit the bat.
The bat is severely wounded.
You block the bat's attack. The kobold barely misses you.
The hobgoblin hits you. You block the kobold's attack. The bat hits you.
The hobgoblin barely misses you.
You are too injured to fight recklessly!
You block the bat's attack.
You are too injured to fight recklessly!
The bat barely misses you. You block the bat's attack.
The bat hits you but does no damage.
You are too injured to fight recklessly!
You hit the bat but do no damage.
The bat is moderately wounded.
You block the bat's attack. The bat hits you but does no damage.
You block the kobold's attack. The kobold barely misses you.
You closely miss the hobgoblin. You block the hobgoblin's attack.
The kobold hits you with a +0 short sword.
The hobgoblin closely misses you.
You sock the hobgoblin!
You kill the hobgoblin!
The bat hits you but does no damage.
The kobold hits you with a +0 short sword.
* * * LOW HITPOINT WARNING * * *
The kobold hits you but does no damage.
You closely miss the kobold. The kobold hits you but does no damage.
The kobold barely misses you.
You closely miss the kobold. The kobold hits you with a +0 whip.
You die...

#####################
....................#
....................# #
#####...####...##...# #.
#...# #...##...# #..
#...####........#
#...#####.....K.....<...#
##............bK@........#
...............#######...#
.......#####...# #...#
####.K. #...# #...# #..g
#...# #...# #..K #...#
#...# .... ..... ....#
..... ....... ....# ######
####### #####


You could see a bat and 2 kobolds.

Vanquished Creatures
  A hobgoblin (D:1)
1 creature vanquished.

Notes
Turn   | Place    | Note
-------+----------+-------------------------------------------
     0 | D:1      | oldmanjim the Gargoyle Fighter began the quest for the Orb.
     0 | D:1      | Reached XP level 1. HP: 14/14 MP: 1/1
    42 | D:1      | Slain by a kobold

Illustrated notes

Levels and vault maps discovered:
D:1:      dpeg_arrival_boxorama, layout_rooms, chequers_ecumenical_altar_twisty

Action                   || total
-------------------------++-------
Melee: Flail             ||    11
Armor: Scale mail        ||    12
Dodge: Dodged            ||    12
Block: Kite shield       ||    10
